Cogmind - Beta 13 *** ADVENTURER MODE // 2024.06.09 @ 00:12:31 Player: Deep Beef Result: Destroyed by H8-7UN(R) with Subdweller Laser Performance ------------- Evolutions (0) 0 Regions Visited (2) 400 Robots Destroyed (25) 125 Value Destroyed (518) 518 Prototype IDs (6) 120 Alien Tech Used (0) 0 Bonus (0) 0 TOTAL SCORE: 1163 Bonus ------- None Cogmind --------- Core Integrity 0/250 Matter 270/300 Energy 250/250 System Corruption 0% Temperature Cool (6) Movement Treading (320) Ox2 Location -10/Subcaves Parts ------- > --- POWER (1) -------- Ion Engine > --- PROPULSION (2) --- Improved Treads Improved Treads > --- UTILITY (2) ------ Huge Storage Unit Light Armor Plating > --- WEAPON (2) ------- Improved Medium Laser Makeshift Laser > --- INVENTORY (25) --- Ion Engine Meta Core Improved Treads Improved Treads Huge Storage Unit Light Armor Plating Improved Medium Laser Improved Medium Laser Improved Medium Laser Subdweller Shrapnel Launcher Subdweller Shrapnel Launcher Mining Laser Ripper Piercing Trap Piercing Trap Peak State ------------ > --- POWER ------------ Ion Engine > --- PROPULSION ------- Improved Treads Improved Treads > --- UTILITY ---------- Huge Storage Unit Light Armor Plating > --- WEAPON ----------- Makeshift Laser Ripper > --- INVENTORY -------- Ion Engine Meta Core Improved Treads Improved Treads Huge Storage Unit Light Armor Plating Improved Medium Laser Improved Medium Laser Improved Medium Laser Improved Medium Laser Subdweller Shrapnel Launcher Subdweller Shrapnel Launcher Mining Laser Shrapnel Trap Piercing Trap Piercing Trap [Rating: 19] Favorites ----------- Power Ion Engine Engine Ion Engine Propulsion Improved Treads Treads Improved Treads Leg Aluminum Leg Utility Huge Storage Unit Device Structural Scanner Storage Huge Storage Unit Protection Light Armor Plating Weapon Improved Medium Laser Energy Gun Improved Medium Laser Ballistic Gun Light Assault Rifle Special Weapon Mining Laser Slashing Weapon Ripper Build | -11 -10 -10 ------- Run | Yrd Mat Sub Slots Evolved . | . . . Power . | . . . Propulsion . | . . . Utility . | . . . Weapon . | . . . Parts Attached 24 | 6 8 10 Power 4 | 1 2 1 Engine 4 | 1 2 1 Core . | . . . Reactor . | . . . Propulsion 4 | 2 2 . Treads 2 | . 2 . Leg 2 | 2 . . Wheel . | . . . Hover . | . . . Flight . | . . . Utility 4 | 1 2 1 Device 1 | . 1 . Storage 2 | 1 1 . Processor . | . . . Hackware . | . . . Protection 1 | . . 1 Artifact . | . . . Weapon 12 | 2 2 8 Energy Gun 8 | 1 2 5 Energy Cannon . | . . . Ballistic Gun 1 | 1 . . Ballistic Cannon . | . . . Launcher . | . . . Special Weapon 2 | . . 2 Impact Weapon . | . . . Slashing Weapon 1 | . . 1 Piercing Weapon . | . . . Special Melee Weapon . | . . . Unidentified Prototypes 1 | . 1 . Parts Lost 1 | . . 1 Power . | . . . Propulsion . | . . . Utility 1 | . . 1 Weapon . | . . . Highest Loss Streak 1 | . . 1 To Critical Strikes . | . . . Average Slot Usage (%) 99 | . 99 99 Engine 14 | . 14 14 Treads 25 | . 22 28 Leg 2 | . 5 . Device 9 | . 13 6 Storage 14 | . 14 14 Protection 3 | . . 7 Energy Gun 24 | . 25 23 Ballistic Gun 1 | . 2 . Slashing Weapon 1 | . . 3 Naked Turns . | . . . Heaviest Build 93 | 11 92 93 Greatest Support 46 | 20 46 46 Greatest Overweight (x) 3 | 3 1 2 Average Overweight (x) . | . . 1 Largest Inventory Capacity 25 | 8 25 25 Average Capacity 21 | 7 18 25 Most Carried 17 | . 12 17 Average Carried 10 | . 6 14 Final Capacity 25 | 8 25 25 Final Carried 15 | . 11 15 Class Distribution -------------------- 100% | Mutant Dominant Class ---------------- Mutant | -10/Materials Mutant | -10/Subcaves Resources | -11 -10 -10 ----------- Run | Yrd Mat Sub Matter Collected 422 | 151 201 70 Remotely . | . . . Salvage Created 651 | . 305 346 Parts 49 | . 25 24 Haulers Intercepted 1 | . 1 . Recyclers Shooed 1 | . 1 . Parts Field Recycled . | . . . Retrieved Matter . | . . . Parts Self-Destructed 8 | . . 8 Prevented . | . . . Kills | -11 -10 -10 ------- Run | Yrd Mat Sub Combat Hostiles Destroyed 21 | . 11 10 Guns 21 | . 11 10 Classes Destroyed 5 | . 4 1 Hauler 1 | . 1 . Watcher 3 | . 3 . Swarmer 12 | . 9 3 Grunt 2 | . 2 . Subdweller 7 | . . 7 Best Kill Streak 5 | . 5 3 Combat Bots Only 5 | . 5 3 Max Kills in Single Turn 1 | . 1 1 Gunslinging . | . . . Exploded . | . . . Melee . | . . . Uniques/NPCs Destroyed . | . . . Combat | -11 -10 -10 -------- Run | Yrd Mat Sub Hostile Shots Fired 117 | . 59 58 Missed 28 | . 17 11 Damage Taken 941 | . 264 677 Core 264 | . 86 178 Absorbed by Shields . | . . . Ignored by Resistances 282 | . 88 194 Core Remaining (%) 100 | 100 . . Volleys Fired 91 | . 38 53 Largest 2 | . 2 2 Hottest 112 | . 112 112 Shots Fired 174 | . 76 98 Gun 166 | . 76 90 Cannon . | . . . Launcher . | . . . Special 8 | . . 8 Kinetic 32 | . 32 . Thermal 142 | . 44 98 Explosive . | . . . Electromagnetic . | . . . Robot Hit Streak 17 | . 13 17 Robot Miss Streak 3 | . 2 3 Penetration Max . | . . . Secondary Targets 4 | . 3 1 Max Gunslinging Chain 1 | . 1 1 Shots Hit Robots 106 | . 56 50 Core Hits 41 | . 24 17 Critical Kills . | . . . Critical Parts Destroyed . | . . . Critical Strikes 8 | . 5 3 Burn 8 | . 5 3 Melee Attacks 5 | . . 5 Impact . | . . . Slashing 5 | . . 5 Piercing . | . . . Sneak Attacks . | . . . Combat Hostiles . | . . . Follow-up Attacks . | . . . Damage Inflicted 1542 | . 689 853 Guns 1514 | . 661 853 Cannons . | . . . Explosions . | . . . Melee . | . . . Ramming 28 | . 28 . Kinetic 189 | . 189 . Thermal 1325 | . 472 853 Explosive . | . . . Electromagnetic . | . . . Impact . | . . . Slashing . | . . . Piercing . | . . . Highest Corruption . | . . . Average Corruption . | . . . Corruption Purged . | . . . Corruption Blocked . | . . . Overload Shots . | . . . Overflow Damage . | . . . Projectiles . | . . . Explosions . | . . . Melee . | . . . Knockbacks . | . . . Impact . | . . . Kinetic . | . . . Secondary . | . . . Self-Inflicted Damage . | . . . Shots . | . . . Rammed 4 | . 4 . Targets Rammed 6 | . 6 . Kicked 2 | . 2 . Crushed . | . . . Highest Temperature 186 | . 186 6 Average Temperature 57 | . 60 3 Received Heat Transfer 78 | . 24 54 Siege Activations . | . . . Robots Corrupted . | . . . Combat Hostiles . | . . . Parts Fried . | . . . Impact Corruptions . | . . . Robots Melted . | . . . Combat Hostiles . | . . . Parts Melted 6 | . 4 2 Heat Transferred 3700 | . 1628 2072 Parts Sabotaged . | . . . Parts Stolen . | . . . Parts Stripped . | . . . Power Chain Reactions . | . . . Alert | -11 -10 -10 ------- Run | Yrd Mat Sub Peak Influence 216 | . 216 . Initial . | . . . Average 55 | . 57 . Maximum Alert Level 1 | . 1 . Low Security (%) 93 | 100 93 . Level 1 6 | . 6 . Level 2 . | . . . Level 3 . | . . . Level 4 . | . . . Level 5 . | . . . High Security . | . . . Max Security . | . . . Squads Dispatched 1 | . 1 . Investigation 1 | . 1 . Extermination . | . . . Reinforcement . | . . . Assault . | . . . Garrison . | . . . Intercept . | . . . Searches Triggered . | . . . Construction Impeded . | . . . Haulers Reinforced . | . . . Active Scanning Responses . | . . . Cargo Convoy Interrupts . | . . . Stealth | -11 -10 -10 --------- Run | Yrd Mat Sub Distress Signals 1 | . 1 . Communications Jammed . | . . . Distress Signals . | . . . Times Spotted 31 | . 18 13 Peak Tracking Total 5 | . 5 3 Tactical Retreats 2 | . 1 1 Traps | -11 -10 -10 ------- Run | Yrd Mat Sub Traps Triggered 1 | . 1 . Indirectly . | . . . Trap Hack Attempts . | . . . Triggered . | . . . Disarmed . | . . . Reprogrammed . | . . . Reused . | . . . Traps Extracted . | . . . Installed . | . . . Triggered 1 | . . 1 Most Traps Carried 3 | . . 3 Machines | -11 -10 -10 ---------- Run | Yrd Mat Sub Machines Disabled 1 | . 1 . Max in Single Turn 1 | . 1 . Machines Repaired . | . . . Machines Dismantled . | . . . Machines Sabotaged . | . . . Overloaded Fab Kills . | . . . Hacking | -11 -10 -10 --------- Run | Yrd Mat Sub Machines Accessed 8 | . 8 . Terminals 8 | . 8 . Fabricators . | . . . Repair Stations . | . . . Recycling Units . | . . . Scanalyzers . | . . . Garrison Access . | . . . Total Hacks 27 | . 27 . Successful 14 | . 14 . Failed 13 | . 13 . Catastrophic 2 | . 2 . Database Lockouts . | . . . Manual 6 | . 6 . Terminals 27 | . 27 . Fabricators . | . . . Repair Stations . | . . . Recycling Units . | . . . Scanalyzers . | . . . Garrison Access . | . . . Terminal Hacks 12 | . 12 . Prototype ID Bank 3 | . 3 . Terminal Index 1 | . 1 . Unreport Threat 1 | . 1 . Locate Traps 3 | . 3 . Recall Investigation 1 | . 1 . Hauler Manifests 1 | . 1 . Zone Layout 2 | . 2 . Fabricator Hacks . | . . . Repair Station Hacks . | . . . Recycling Unit Hacks . | . . . Scanalyzer . | . . . Garrison Access Hacks . | . . . Unauthorized Hacks 2 | . 2 . Terminals 2 | . 2 . Botnet 2 | . 2 . Fabricators . | . . . Repair Stations . | . . . Recycling Units . | . . . Scanalyzers . | . . . Garrison Access . | . . . Data Cores Recovered . | . . . Used . | . . . Hacking Detections 8 | . 8 . Full Trace Events . | . . . Feedback Events . | . . . Feedback Blocked . | . . . Robot Schematics Acquired . | . . . Robots Built . | . . . Authchips . | . . . Time . | . . . Total Robot Build Rating . | . . . Part Schematics Acquired . | . . . Parts Built . | . . . Authchips . | . . . Time . | . . . Total Part Build Rating . | . . . Parts Repaired . | . . . Time . | . . . Parts Recycled . | . . . Recycled Matter . | . . . Retrieved Matter . | . . . Retrieved Components . | . . . Parts Scanalyzed . | . . . Part Schematics Acquired . | . . . Parts Damaged . | . . . Bothacking | -11 -10 -10 ------------ Run | Yrd Mat Sub Used RIF Installer . | . . . Robots Hacked . | . . . Non-combat . | . . . Combat . | . . . Robot Hacks Applied . | . . . Relay Couplers Released . | . . . Fabnet Peak Effective % . | . . . Robots Rewired . | . . . Allies Hacked . | . . . Hacks Repelled . | . . . Allies | -11 -10 -10 -------- Run | Yrd Mat Sub Total Allies . | . . . Largest Group . | . . . Highest-Rated Group . | . . . Highest-Rated Ally . | . . . Total Orders . | . . . Ally Attacks . | . . . Total Damage . | . . . Kills . | . . . Allies Corrupted . | . . . Allies Melted . | . . . Intel | -11 -10 -10 ------- Run | Yrd Mat Sub Robot Analysis Total . | . . . Derelict Logs Recovered 2 | . . 2 Drone Launches . | . . . Drone Recoveries . | . . . Exploration | -11 -10 -10 ------------- Run | Yrd Mat Sub Turns Passed 3320 | 47 1595 1678 Spaces Moved 1294 | 33 731 530 Core 8 | 8 . . Treads 1086 | . 556 530 Legs 200 | 25 175 . Wheels . | . . . Hover . | . . . Flight . | . . . Fastest Speed 50 | 50 120 240 Average Speed 225 | 117 193 277 Slowest Speed 320 | 200 240 320 Overloaded Moves . | . . . Propulsion Burnouts . | . . . Robots Hopped . | . . . Cave-ins Triggered . | . . . Exploration Rate (%) 44 | 4 96 33 Regions Visited 2 Branch Regions 1 Pre-discovered Areas 1 | . . 1 Known Exits Taken . | . . . Unknown Exits Taken 2 | 1 1 . Scrap Searched 4 | . . 4 Spaces Dug 1 | . . 1 Terrain Destroyed 1 | . . 1 Melee 1 | . . 1 Projectile . | . . . AOE . | . . . Terrain Rammed . | . . . Walls Destroyed . | . . . Machines Disabled . | . . . Actions | -11 -10 -10 --------- Run | Yrd Mat Sub Total 1491 | 38 837 616 Wait 39 | . 32 7 Move 1292 | 32 730 530 Hop . | . . . Pick Up 24 | . 16 8 Fast Attach 8 | 6 2 . Attach 2 | . 1 1 Detach . | . . . Swap 14 | . 5 9 Drop 10 | . 7 3 Fire 91 | . 38 53 Melee 5 | . . 5 Ram . | . . . Kick 2 | . 2 . Crush 4 | . 4 . Escape Stasis . | . . . Rewire . | . . . Trap . | . . . Miscellaneous . | . . . Route ------- -11/Scrapyard -10/Materials (discovered 5 exits: [*Mat x3] / [*Min] / [*Sub]) -10/Subcaves (discovered 1 exit: [*Mat]) History --------- Turn | Location | Event 17 | -11/Scrapyard | Discovered new exit (range 16) 48 | -11/Scrapyard | Entered Materials 153 | -10/Materials | Discovered new exit (range 16) 300 | -10/Materials | Build established: Mutant 401 | -10/Materials | Discovered new exit (range 16) 611 | -10/Materials | Discovered new exit (range 16) 1153 | -10/Materials | Discovered new exit (range 16) 1626 | -10/Materials | Discovered new exit (range 8) 1643 | -10/Materials | Entered Subcaves 2070 | -10/Subcaves | Core integrity fell below 50% 2164 | -10/Subcaves | Discovered new exit (range 9) 2256 | -10/Subcaves | Learned 2 Materials zone layouts 2268 | -10/Subcaves | A swath of the cavern ceiling suddenly collapsed 2359 | -10/Subcaves | Learned location of Zion (-7) 2359 | -10/Subcaves | Met a Zionite searching for "candidates" 2363 | -10/Subcaves | Learned Materials terminal intel 2417 | -10/Subcaves | A Subdweller sparked back to life 2488 | -10/Subcaves | Core integrity fell below 20% 2521 | -10/Subcaves | Found Prototype Power Core 2650 | -10/Subcaves | Disturbed a concealed Subdweller 3321 | -10/Subcaves | Destroyed by H8-7UN(R) with Subdweller Laser Last Messages --------------- KS-6QZ(R) destroyed. Acquired Prototype Power Core. Acquired 10 matter. Dropped Ion Engine. Subatomizers dissect the Sub. Machine Gun. 1R-N32(u) deconstructs Twisted Machinery. SC-80Z(R) destroyed. 1R-N32(u) deconstructs Twisted Machinery. Searching scrap... Found Piercing Trap. Found Sub. Beam Cannon. Found 20 Matter. Acquired Piercing Trap. Searching scrap... Found Battle Cannon. Found Ripper. Acquired Ripper. Dropped Med. Laser. 1R-N32(u) builds Twisted Machinery. Dropped Shrapnel Trap. Map ----- +----------------------------------------------------+ | ?????????????????????????????????????????????????? | | ?????????????????????????????????????????????????? | | ?????????????????????????????????????????????????? | | ?????????????????????????????????????????????????? | | ?????????????????????????????????????????????????? | | ?????????????????????????????????????????????????? | | ?????????????????????????????????????????????????? | | ?????????????????????????????????????????????????? | | ?????????????????????????????????????????????????? | | ?????????????????????????????????????????????????? | | ?????????????????????????????????????????????????? | | ?????????????????????????????????????????????????? | | ?????????????????????????????????????????????????? | | ?????????????????????????????????????????????????? | | ?????????????????????????????????????????????????? | | ???????????????????#?????????????????????????????? | | ???????????????????# ????????????????????????????? | | ???????????????????? ????????????????????????????? | | ???????????????????## ???????????????????????????? | | ???????????????????# ???????????????????????????? | | ????????????????????# ??####????????????????????? | | ???????????? "?????## ### ##?????#######???????? | | ??????????? "" ##R ##????#"&]]"#???????? | | ???????????"" #????#&##% #???????? | | ??????????"" #????#*!####???????? | | ??????????????"""" #####@ ##????##%"###???????? | | ????????????????????????# ##?????##=## #?####??? | | ???????????????????????## ###????#" ### #### | | ???????????????????????# ##???# "" # | | ???????????????????????# #???# """ | | ???????????????????????## ##### # ###"" | | ????????????????????????# # # # #####""" | | ????????????????????????# #?##""" | | ????????????????????????# ###"""" | | ????????????????????????## # # # #""" | | ?????????????????????????####### ##### "" | | ??????????????????????????????# #???# "" | | ??????????????????????????????## #???#### #" | | ??????????????????????????????## ########## ""## | | ??????????????????????????????# ####### ""####? | | ??????????????????????????????# #### ####### | | ??????????????????????????????# ##### ####### | | ??????????????????????????????# ##"### #### | | ??????????????????????????????# ## ### | | ??????????????????????????????## #"" &" =# # # | | ??????????????????????????????# =[#%## # # | | ??????????????????????????????# &"*%# # | | ??????????????????????????????# ! %&&## # | | ??????????????????????????????## &&!%## | | ??????????????????????????????# =&=[# | +----------------------------------------------------+ Best States ------------- Heat Dissipation 25 Energy Generation 10 Energy Capacity 250 Matter Stores 300 Matter Capacity 300 Sight Range 16 Terrain Scan Density 10 Armor Coverage 150 Resistance: KI 20 Resistance: TH 20 Resistance: EX 20 Resistance: EM 20 Resistance: I 20 Resistance: S 20 Resistance: P 20 Evasion (%) 55 Recoil Reduction 2 Offensive Hacking 10 Item Schematics ----------------- None Robot Schematics ------------------ None Fabricated ------------ Nothing Alien Tech Used ----------------- None Achievements -------------- None Challenges ------------ None Game ------ Seed RiotPoweredBeam Manual? 0 Play Time 00:21:14 Cumulative 172.8 hours Start 2024.06.08 @ 23:53:30 End 2024.06.09 @ 00:12:31 Sessions 1 Manual Loads 0 Difficulty Adventurer Special Mode None Game No. 132 Rogue 72 Adventurer 60 Explorer 0 Win Type - Total 1 Types 1/0/0/0/0/0/0/0/0 Lore% 45 Gallery% 60 Achievement% 46 Wizard Run 0 Options --------- Layout 1 ASCII 0 Keyboard 0 Movement Mouse Keybinds 0 Fullscreen 1 Font 16/SmallcapsGlow Map View 55x38 Zoom Use 0% Tactical HUD 0 Map Filters NONE Filters NONE Steam 1 RUN: 7dadea56-92f6-47ef-9900-1f6ac846eb92